 Dungeon Crawl Stone Soup version 0.22.1-2-g9c5b331 (webtiles) character file.

398 dvd the Firebug (level 6, -1/38 HPs)
             Began as an Octopode Fire Elementalist on Dec 2, 2018.
             Slain by a slave (10 damage)
             ... led by Pikel
             ... on level 4 of the Dungeon.
             The game lasted 00:11:07 (4956 turns).

dvd the Firebug (Octopode Fire Elementalist)        Turns: 4956, Time: 00:11:08

Health: -1/38      AC:  1    Str:  8    XL:     6   Next: 83%
Magic:  3/11       EV: 13    Int: 19    God:
Gold:   85         SH:  4    Dex: 12    Spells: 4/11 levels left

rFire    . . .     SeeInvis .   a - -3 dagger (curse)
rCold    . . .     Gourm    .   e - +0 buckler
rNeg     . . .     Faith    .   (helmet restricted)
rPois    +         Spirit   .   (no amulet)
rElec    .         Reflect  .   i - ring "Veseir" {rCorr rPois}
rCorr    +         Harm     .   (no ring)
MR       .....                  (no ring)
Stlth    +++.......             (no ring)
HPRegen  0.12/turn              (no ring)
MPRegen  0.12/turn              (no ring)
                                (no ring)
                                (no ring)

@: very slightly contaminated
A: almost no armour, stealthy swim, amphibious, 8 rings, constrict 8, camouflage
1, gelatinous body 1
a: no special abilities


You were on level 4 of the Dungeon.
You were near starving.

You visited 1 branch of the dungeon, and saw 5 of its levels.

You collected 85 gold pieces.

Inventory:

Hand Weapons
 a - a cursed -3 dagger (weapon)
 l - a +0 flail
 n - a +0 dagger of speed
Armour
 e - a +0 buckler (worn)
Jewellery
 i - the ring "Veseir" (left tentacle) {rCorr rPois}
   (You found it on level 4 of the Dungeon)

   [ring of resist corrosion]

   It protects you from poison.
Wands
 o - a wand of random effects (56)
Scrolls
 c - 3 scrolls of teleportation
 d - 2 scrolls of identify
 k - 2 scrolls of magic mapping {unknown}
 m - 4 scrolls of fog {unknown}
 p - a scroll of random uselessness {unknown}
 s - a scroll of enchant weapon {unknown}
Potions
 f - 2 potions of curing
 g - 3 potions of invisibility
 h - 2 potions of flight {unknown}
 j - a potion of haste
 q - a potion of brilliance {unknown}
Comestibles
 b - 7 rations


   Skills:
 + Level 1.0 Fighting
 + Level 0.1 Short Blades
 + Level 2.9 Dodging
 + Level 3.7 Stealth
 * Level 2.0 Shields
 + Level 3.3 Spellcasting
 + Level 2.9 Conjurations
 + Level 4.5 Fire Magic


You had 4 spell levels left.
You knew the following spells:

 Your Spells              Type           Power        Failure   Level  Hunger
a - Flame Tongue          Conj/Fire      ###..        4%          1    None
b - Throw Flame           Conj/Fire      ###...       6%          2    ##.....
c - Sticky Flame          Conj/Fire      ###.....     36%         4    ####...

Your spell library contained the following spells:

 Spells                   Type           Power        Failure   Level  Hunger
 Conjure Flame            Conj/Fire      ###.....     12%         3    ###....
 Inner Flame              Hex/Fire       ##......     22%         3    ###....
 Fireball                 Conj/Fire      ###.......   73%         5    ######.


Dungeon Overview and Level Annotations

Branches:
Dungeon (5/15)
 Temple: D:4-7

Altars:
Ashenzari
Dithmenos
Makhleb

Annotations:
D:3 3 runed doors, brandon's ghost, amateur DEFE
D:5 Pikel


Innate Abilities, Weirdness & Mutations

You cannot wear most types of armour.
You are very stealthy in the water. (Stealth+)
You are amphibious.
You can wear up to eight rings at the same time.
You can use your tentacles to constrict eight enemies at once.
Your skin changes colour to match your surroundings (Stealth+).
Your rubbery body absorbs attacks. (AC +1, EV +1)


Message History

Press: ? - help, Shift-Dir - straight line, f/p - slave
Aim: a slave, wearing an animal skin The sticky flame hits the slave.
The slave appears unharmed.
The slave is covered in liquid flames!
The slave burns!
The slave hits you.
* * * LOW HITPOINT WARNING * * *
Unknown command.
The slave burns!
The slave burns!
The slave burns!
You are near starving!
The slave burns!
The slave stops burning.
Casting: Sticky Flame (quite dangerous; 36% risk of failure)
Confirm with . or Enter, or press ? or * to list all spells.
Aiming: Flame Tongue (safe; 4% risk of failure)
Press: ? - help, Shift-Dir - straight line, f/p - slave
Aim: a slave, wearing an animal skin (almost dead)
You miscast Flame Tongue.
You are very lightly contaminated with residual magic.
Nothing appears to happen.
The slave hits you!
You die...

...........#.###..#..#.#.#
...........#.[....####.#.#
..........#####...#(...#.#
..........# #...#.####.#
..........# #...#.# #.#
..........# ##.##.# #.#
########### #.##.####.#
#.##.#....# #@##.#.####
#p##.#.# #.##.#.# #.##.#.#
#.##.#.# #.##.#.#####
#.##.#..)[<# #.##.#######
#....#


You could see a slave.

Vanquished Creatures
  A slave (D:4)
  A phantom (D:4)
  2 hounds
  Jessica (D:2)
  Terence (D:2)
  2 orc wizards (D:4)
  A worker ant (D:4)
  3 adders
  3 oozes
  A dart slug (D:1)
  3 worms
  6 leopard geckos
  3 giant cockroaches
  9 goblins
  4 hobgoblins
  5 jackals
  12 kobolds
  A quokka (D:2)
  3 ball pythons
  8 bats
  8 frilled lizards
  A quokka zombie (D:5)
  6 rats
85 creatures vanquished.

Vanquished Creatures (others)
  An orc wizard (D:4)
1 creature vanquished.

Grand Total: 86 creatures vanquished

Notes
Turn   | Place    | Note
-------+----------+-------------------------------------------
     0 | D:1      | dvd the Octopode Fire Elementalist began the quest for the
                  | Orb.
     0 | D:1      | Reached XP level 1. HP: 11/11 MP: 3/3
   150 | D:1      | Reached XP level 2. HP: 17/17 MP: 1/5
   302 | D:1      | Learned a level 2 spell: Throw Flame
   634 | D:1      | Reached XP level 3. HP: 21/21 MP: 4/6
  1811 | D:2      | Reached XP level 4. HP: 27/27 MP: 0/7
  1911 | D:2      | Reached skill level 4 in Fire Magic
  2352 | D:2      | Noticed Jessica
  2357 | D:2      | Killed Jessica
  2624 | D:3      | Noticed Terence
  2670 | D:2      | Killed Terence
  2670 | D:2      | Reached XP level 5. HP: 19/32 MP: 1/9
  2998 | D:3      | Learned a level 4 spell: Sticky Flame
  3043 | D:3      | Found a shattered altar of Ashenzari.
  3345 | D:3      | Found a runed gate.
  3345 | D:3      | Found a runed gate.
  3345 | D:3      | Found a runed gate.
  3346 | D:3      | Noticed brandon's ghost (amateur DEFE)
  3604 | D:3      | Found a shadowy altar of Dithmenos.
  3604 | D:3      | Found a burning altar of Makhleb.
  3644 | D:4      | Reached skill level 1 in Shields
  3839 | D:4      | Reached XP level 6. HP: 29/37 MP: 4/10
  4000 | D:4      | Noticed a phantom
  4003 | D:4      | Got a crude platinum ring
  4006 | D:4      | Identified the ring "Veseir" {rCorr rPois} (You found it on
                  | level 4 of the Dungeon)
  4050 | D:4      | Killed a phantom
  4601 | D:4      | Reached skill level 1 in Fighting
  4827 | D:5      | Entered Level 5 of the Dungeon
  4880 | D:5      | Noticed Pikel
  4880 | D:5      | Noticed a slave
  4880 | D:5      | Noticed a slave
  4880 | D:5      | Noticed a slave
  4880 | D:5      | Noticed a slave
  4913 | D:4      | Killed a slave
  4956 | D:4      | Slain by a slave

Skill      XL: |  1  2  3  4  5  6 |
---------------+-------------------+-----
Stealth        | 3 |  3.7
Fire Magic     | 4 |  4.5
Conjurations   | 2 |  2.9
Shields        | 1 2 |  2.0
Spellcasting   | 3 |  3.3
Fighting       | 1 |  1.0
Short Blades   | |  0.1
Dodging        | |  2.9

Action                   |  1- 3 |  4- 6 || total
-------------------------+-------+-------++-------
Melee: Whip              |    19 |     8 ||    27
       Constrict         |     4 |     8 ||    12
       Dagger            |       |    25 ||    25
       Tentacles         |       |     3 ||     3
 Cast: Flame Tongue      |    49 |    87 ||   136
       Throw Flame       |    10 |    23 ||    33
       Sticky Flame      |       |     3 ||     3
  Use: Scroll            |     2 |     1 ||     3
       Potion            |       |     1 ||     1
 Stab: Sleeping          |     2 |     1 ||     3
  Eat: Chunk             |     4 |    10 ||    14
Armor: Skin              |     1 |     3 ||     4
Dodge: Dodged            |    20 |    42 ||    62
Block: Buckler           |       |    11 ||    11
